 Dungeon Crawl Stone Soup version 0.21-a0-241-g2cbab09 (webtiles) character file.

429 Gorice the Bolt Thrower (level 6, -2/43 HPs)
             Began as a Gnoll Arcane Marksman on Sept 3, 2017.
             Slain by an ufetubus (4 damage)
             ... in a sewer.
             The game lasted 00:25:06 (3732 turns).

Gorice the Bolt Thrower (Gnoll Arcane Marksman)     Turns: 3732, Time: 00:25:07

Health: -2/43      AC:  3    Str:  7    XL:     6   Next: 98%
Magic:  0/9        EV: 12    Int:  7    God:
Gold:   183        SH:  0    Dex:  7    Spells: 3/9 levels left

rFire    . . .     SeeInvis .   a - +2 hand crossbow
rCold    . . .     Gourm    .   (no shield)
rNeg     . . .     Faith    .   e - +0 robe
rPois    .         Spirit   .   (no helmet)
rElec    .         Reflect  .   (no cloak)
rCorr    .         Harm     .   v - +0 pair of gloves {Str+3}
MR       .....                  (no boots)
Stlth    +.........             (no amulet)
HPRegen  0.14/turn              (no ring)
MPRegen  0.11/turn              (no ring)

@: very slightly contaminated
A: unchanging attributes, fangs 1, strong nose
a: no special abilities


You were in a sewer.
You were not hungry.

You visited 1 branch of the dungeon, and saw 4 of its levels.
You also visited: Sewer.

You collected 183 gold pieces.

Inventory:

Hand Weapons
 a - a +2 hand crossbow (weapon)
 b - a +0 quarterstaff
 k - a +0 flail
 n - a +0 blowgun
 y - a +0 war axe
Missiles
 d - 8 bolts (quivered)
 r - 19 poisoned needles
 w - 6 tomahawks
 Y - a throwing net
Armour
 e - a +0 robe (worn)
 o - a +0 ring mail
 v - a +0 pair of gloves of strength (worn)
   (You found it on level 3 of the Dungeon)
Scrolls
 i - a scroll of remove curse
 x - a scroll of fog
 A - a scroll of teleportation {unknown}
Potions
 h - 3 potions of curing
 j - a potion of brilliance {!q}
 l - 4 potions of flight {unknown}
 p - 2 potions of might {unknown}
 q - a potion of haste {unknown}
 t - a potion of cancellation {unknown}
 u - 2 potions of heal wounds {unknown}
 z - a potion of degeneration {unknown}
Books
 c - a book of Debilitation
 g - a book of Maledictions
Comestibles
 f - 3 bread rations {!e}
 m - 2 meat rations {!e}
 s - 4 fruits


   Skills:
 - Level 1.3 Fighting
 * Level 7.9 Crossbows
 - Level 2.6 Dodging
 - Level 2.2 Spellcasting
 + Level 6.3 Hexes


You had 3 spell levels left.
You knew the following spells:

 Your Spells              Type           Power        Failure   Level  Hunger
a - Corona                Hex            #......      2%          1    ##.....
b - Slow                  Hex            #.......     4%          2    ###....
c - Confuse               Hex            #.......     9%          3    ####...


Dungeon Overview and Level Annotations

Branches:
Dungeon (4/15)
 Temple: D:4-7

Altars:
Dithmenos
Uskayaw
Yredelemnul


Innate Abilities, Weirdness & Mutations

Your physical attributes are unchanging.
You have very sharp teeth.
Your uncanny sense of smell can sniff out nearby items.


Message History

* * * LOW HITPOINT WARNING * * *
The ufetubus hits you.
* * * LOW HITPOINT WARNING * * *
Damage: 11 (max 11)
Casting: Confuse
Confirm with . or Enter, or press ? or * to list all spells.
Aiming: Confuse
Press: ? - help, Shift-Dir - straight line, f/p - ufetubus
Aim: an ufetubus (almost dead, chance to defeat MR: 50%)
The ufetubus resists with some effort.
The ufetubus hits you.
* * * LOW HITPOINT WARNING * * *
The ufetubus hits you.
* * * LOW HITPOINT WARNING * * *
Damage: 7 (max 11)
Casting: Confuse
Confirm with . or Enter, or press ? or * to list all spells.
You don't have enough magic to cast that spell.
Casting: Confuse
Confirm with . or Enter, or press ? or * to list all spells.
Aiming: Slow
Press: ? - help, Shift-Dir - straight line, f/p - ufetubus
Aim: an ufetubus (severely wounded, chance to defeat MR: 52%)
The ufetubus resists with significant effort.
The ufetubus misses you. The ufetubus hits you.
* * * LOW HITPOINT WARNING * * *
The ufetubus closely misses you. The ufetubus hits you.
* * * LOW HITPOINT WARNING * * *
Damage: 3 (max 11) Unknown command.
Press < or > to pray at altars.
a - a +2 hand crossbow (weapon)
Firing (i - inventory. (,) - cycle):
d - 10 bolts (quivered)
Press: ? - help, Shift-Dir - straight line, f/p - ufetubus
Aim: an ufetubus (severely wounded)
You shoot a bolt. The bolt hits the ufetubus.
The ufetubus is almost dead.
The ufetubus barely misses you. The ufetubus misses you. The ufetubus hits you.
* * * LOW HITPOINT WARNING * * *
The ufetubus hits you but does no damage.
Damage: 1 (max 11) Unknown command.
Press < or > to pray at altars.
Firing (i - inventory. (,) - cycle):
d - 9 bolts (quivered)
Press: ? - help, Shift-Dir - straight line, f/p - ufetubus
Aim: an ufetubus (almost dead)
You shoot a bolt. The bolt closely misses the ufetubus.
The ufetubus closely misses you. The ufetubus hits you.
* * * LOW HITPOINT WARNING * * *
The ufetubus barely misses you. The ufetubus hits you.
You die...

##...###≈..+.≈≈≈≈≈≈≈
#.....##≈≈.#.≈≈≈≈≈≈≈
#.≈≈≈.##≈≈.#.≈≈≈≈≈≈≈
#.....##≈≈.#.≈≈≈≈≈≈≈
##'''###≈≈5#..(≈≈≈≈≈
#######...###≈≈.#.)†≈≈≈≈≈
###.§.##..§..###.####.###≈#
###..§§§'(§(.5..#).≈#≈≈.(....
#∩.[.§≈§')..@)§.)(.≈≈≈≈≈.≈≈≈≈
###..§§§'.§.....#).≈#≈≈.≈....
###..§##..§..###(####.#≈###
#######...###≈..#....≈≈≈≈
##'''###≈..#..≈≈≈≈≈≈
#.....##≈≈.#..≈≈≈≈≈≈
#.≈≈≈.##≈≈.#..≈≈≈≈≈≈
#.....##≈≈.#.≈≈≈≈≈≈≈
##...###≈≈.'.≈≈≈≈≈≈≈


You could see an ufetubus.

Vanquished Creatures
  Grinder (Sewer)
  2 big kobolds (Sewer)
  A quasit (Sewer)
  A big kobold zombie (Sewer)
  3 adders
  A shadow imp (Sewer)
  3 ufetubi (Sewer)
  2 oozes (Sewer)
  An adder zombie (Sewer)
  2 worms
  2 dart slugs
  3 leopard geckos
  2 orcs (D:4)
  A bat zombie (Sewer)
  6 giant cockroaches
  7 goblins
  5 hobgoblins
  20 kobolds
  A ball python (D:4)
  9 bats
  A frilled lizard (D:1)
  A kobold zombie (Sewer)
  8 rats
83 creatures vanquished.

Vanquished Creatures (others)
  An ufetubus (Sewer)
1 creature vanquished.

Grand Total: 84 creatures vanquished

Notes
Turn   | Place    | Note
-------+----------+-------------------------------------------
     0 | D:1      | Gorice the Gnoll Arcane Marksman began the quest for the Orb.
     0 | D:1      | Reached XP level 1. HP: 15/15 MP: 3/3
    22 | D:1      | Reached skill level 3 in Crossbows
    91 | D:1      | Reached XP level 2. HP: 20/21 MP: 2/4
   627 | D:2      | Reached XP level 3. HP: 23/26 MP: 3/5
   643 | D:2      | Reached skill level 4 in Crossbows
   655 | D:2      | Found a basalt altar of Yredelemnul.
   678 | D:2      | Learned a level 2 spell: Slow
  1239 | D:3      | Found a hide-covered altar of Uskayaw.
  1443 | D:3      | Found a shadowy altar of Dithmenos.
  1824 | D:3      | Reached skill level 2 in Spellcasting
  1824 | D:3      | Reached XP level 4. HP: 30/32 MP: 4/7
  1829 | D:3      | Learned a level 3 spell: Confuse
  1907 | D:4      | HP: 7/32 [orc/dagger (3)]
  2132 | D:3      | Reached skill level 5 in Crossbows
  2187 | D:4      | Found a glowing drain.
  2197 | Sewer    | Entered a sewer
  2314 | Sewer    | Reached skill level 5 in Hexes
  2491 | Sewer    | Reached XP level 5. HP: 20/37 MP: 5/8
  2738 | Sewer    | Found a burning altar of Makhleb.
  2738 | Sewer    | Noticed a big kobold
  2770 | Sewer    | Killed a big kobold
  2770 | Sewer    | Reached skill level 6 in Crossbows
  2911 | Sewer    | Noticed Grinder
  2927 | Sewer    | Paralysed by Grinder for 3 turns
  2928 | Sewer    | HP: 11/37 [Grinder (4)]
  2953 | Sewer    | HP: 15/55 [ufetubus (3)]
  2954 | Sewer    | Killed Grinder
  2954 | Sewer    | Reached skill level 7 in Crossbows
  2954 | Sewer    | Reached skill level 6 in Hexes
  2954 | Sewer    | Reached XP level 6. HP: 18/43 MP: 1/9
  3217 | Sewer    | HP: 10/43 [kobold (3)]
  3224 | Sewer    | HP: 12/43 [kobold (2)]
  3239 | Sewer    | HP: 11/43 [kobold (1)]
  3249 | Sewer    | HP: 12/43 [kobold (1)]
  3570 | Sewer    | HP: 12/43 [ufetubus (3)]
  3728 | Sewer    | HP: 8/43 [ufetubus (5)]
  3732 | Sewer    | HP: 2/43 [ufetubus (2)]
  3732 | Sewer    | Slain by an ufetubus

Vault maps used:
D:1:      dpeg_arrival_tiny_h
D:2:      yredelemnul_altar_generic
D:3:      overflow_temple_1_default, eat_drink_and_be_merry_uskayaw
D:4:      portal_sewer_entry_b, corexii_shack, uniq_ijyb
Sewer:    kennysheep_sewer_church

Skill      XL: |  1  2  3  4  5 |
---------------+----------------+-----
Crossbows      | 3 4 5 7 |  7.9
Spellcasting   | 2 |  2.2
Hexes          | 5 6 |  6.3
Fighting       | |  1.3
Dodging        | |  2.6

Action                   |  1- 3 |  4- 6 || total
-------------------------+-------+-------++-------
Melee: Quarterstaff      |     7 |   183 ||   190
       Bite              |       |    10 ||    10
 Fire: Hand crossbow     |    81 |    37 ||   118
Throw: Tomahawk          |       |     3 ||     3
 Cast: Corona            |    42 |    43 ||    85
       Confuse           |       |    16 ||    16
       Slow              |       |     3 ||     3
  Use: Scroll            |    11 |       ||    11
       Potion            |       |     6 ||     6
 Stab: Confused          |       |     2 ||     2
  Eat: Chunk             |     4 |     5 ||     9
       Royal jelly       |       |     1 ||     1
       Meat ration       |       |     1 ||     1
Armor: Robe              |    17 |    74 ||    91
       Skin              |       |    59 ||    59
Dodge: Dodged            |    37 |   230 ||   267

Table legend:
 A = Spawn XP
 B = Non-spawn XP
 C = Spawn XP percentage of total XP
 D = Spawn monster count
 E = Non-spawn monster count
 F = Spawn count percentage of total count
 G = Total turns spent on level
                    A         B        C        D         E        F      G
               +---------+---------+-------+---------+---------+-------+---------
         Total |      38 |     576 |   6.2 |       6 |      77 |   7.2 |  3732
               +---------+---------+-------+---------+---------+-------+---------
           D:1 |       0 |      31 |   0.0 |       0 |      18 |   0.0 |   538
           D:2 |       5 |      17 |  22.7 |       1 |      10 |   9.1 |   696
           D:3 |      33 |       8 |  80.5 |       5 |       4 |  55.6 |   813
           D:4 |       0 |      20 |   0.0 |       0 |       9 |   0.0 |   150
         Sewer |       0 |     500 |   0.0 |       0 |      36 |   0.0 |  1535
               +---------+---------+-------+---------+---------+-------+---------

Table legend:
 A = Turns spent in this place as a percentage of turns spent in the entire game.
 B = Non-inter-level travel turns spent in this place as a percentage of non-inter-level travel turns spent in the entire game.
 C = Inter-level travel turns spent in this place as a percentage of turns spent in this place.
 D = Turns resting spent in this place as a percentage of non-inter-level travel turns spent in this place.
 E = Turns spent auto-exploring this place as a percentage of non-inter-level travel turns spent in this place.
 F = Non-inter-level travel turns spent in this place divided by the number of levels of this place that you've seen.
                   A       B       C       D       E      F
               +-------+-------+-------+-------+-------+----------------------
         Total | 100.0 | 100.0 |   2.3 |  33.8 |  25.1 | 729.4
       Dungeon |  58.9 |  57.9 |   3.9 |  14.0 |  42.3 | 528.0
         Sewer |  41.1 |  42.1 |   0.0 |  61.0 |   1.4 | 1535.0
               +-------+-------+-------+-------+-------+----------------------

Vault maps used:
D:1:      dpeg_arrival_tiny_h
D:2:      yredelemnul_altar_generic
D:3:      overflow_temple_1_default, eat_drink_and_be_merry_uskayaw
D:4:      portal_sewer_entry_b, corexii_shack, uniq_ijyb
Sewer:    kennysheep_sewer_church
